Get step-by-step instructions on how to execute this build order below. Start the game timer, and the build order will tick by so you can play in parallel with StarCraft on a second screen or mobile device.

Game Time

  0:00

Last Step

  N/A

Next Step

Upcoming Step



Don't want to look back and forth between 2 screens? Try out our Overwolf App, the Spawning Tool Build Advisor to get an in-game overlay with this build!

Complete Build Order

  12  0:00  SCV  
  13  0:12  SCV  
  14  0:17  Supply Depot  
  14  0:24  SCV  
  15  0:38  SCV  
  15  0:40  Barracks  
  15  0:42  Refinery  
  16  0:50  SCV  
  17  1:02  SCV  
  18  1:15  SCV  
  19  1:26  Reaper  
  19  1:27  Orbital Command  
  20  1:37  Command Center  
  20  1:46  Supply Depot  
  20  1:52  SCV  
  21  1:58  Marine  
  22  2:04  SCV  
  22  2:07  Factory  
  23  2:14  Refinery  
  23  2:16  SCV  
  23  2:20  Barracks Reactor  
  24  2:28  SCV  
  25  2:40  SCV  
  26  2:49  Orbital Command  
  26  2:52  SCV, Starport  
  27  3:00  Hellion  
  27  3:01  Hellion  
  27  3:03  Barracks Tech Lab  
  27  3:04  SCV  
  32  3:14  SCV  
  32  3:17  SCV  
  34  3:22  Hellion x2  
  34  3:27  SCV  
  38  3:29  Supply Depot, SCV  
  38  3:31  Barracks Tech Lab  
  39  3:34  Banshee  
  39  3:40  SCV  
  43  3:41  SCV  
  43  3:43  Hellion  
  46  3:51  Hellion, Marine, Supply Depot  
  46  3:52  Stimpack  
  46  3:54  SCV  
  46  3:55  SCV  
  51  4:06  SCV  
  51  4:07  SCV  
  53  4:18  SCV  
  53  4:19  SCV  
  53  4:23  Barracks  
  51  4:27  Marine, Refinery  
  51  4:28  Engineering Bay  
  51  4:29  Factory Reactor  
  52  4:31  Barracks, Supply Depot  
  52  4:33  SCV x2  
  54  4:39  Barracks  
  54  4:40  Barracks  
  54  4:43  Starport Reactor  
  54  4:45  SCV  
  54  4:46  Marine, SCV  
  57  4:53  Supply Depot  
  57  4:57  SCV  
  57  4:58  SCV  
  59  5:01  Terran Infantry Weapons Level 1  
  59  5:03  Marine  
  60  5:10  SCV x2  
  60  5:13  Marine x2, Refinery  
  67  5:14  Siege Tank  
  67  5:18  Supply Depot  
  68  5:21  Marine  
  68  5:24  Medivac x2  
  68  5:26  Supply Depot  
  72  5:30  Marine x2  
  72  5:31  Marine x4  
  72  5:32  Combat Shield  
  78  5:39  Supply Depot, Marine  
  78  5:41  Supply Depot  
  79  5:47  Marine  
  79  5:48  Marine  
  79  5:49  Siege Tank, Marine x2  
  86  5:51  Marine x2  
  86  5:57  Marine  
  86  5:58  Medivac  
  86  6:02  Medivac  
  91  6:05  Marine  
  91  6:06  Marine x3  
  91  6:09  Marine x2  
  97  6:12  Supply Depot  
  97  6:19  Marine  
  97  6:21  Siege Tank  
  97  6:23  Marine x2  
  97  6:24  Marine x2  
  105  6:26  Marine  
  105  6:27  Marine  
  105  6:28  Medivac  
  107  6:35  Medivac  
  107  6:37  Marine  
  110  6:41  Marine x2  
  110  6:42  Marine x2  
  110  6:44  Marine x2  
  110  6:45  Supply Depot  
  110  6:47  Supply Depot  
  116  6:55  Marine  
  116  6:59  Siege Tank, Marine  
  118  7:01  Marine x3  
  118  7:02  Medivac  
  118  7:03  Marine  
  118  7:07  Marine  
  115  7:13  Medivac, Marine  
  117  7:17  Marine  
  117  7:19  Marine  
  117  7:20  Marine x3  
  121  7:24  Marine  
  122  7:31  Marine  
  122  7:32  Supply Depot, Medivac  
  122  7:33  Siege Tank  
  122  7:35  Marine  
  128  7:38  Marine  
  128  7:39  Marine x3  
  128  7:42  Marine  
  133  7:47  Supply Depot  
  133  7:49  Marine  
  134  7:54  Marine  
  134  7:56  Marine  
  113  8:07  Siege Tank, Marine  
  113  8:08  Marine x4  
  113  8:11  Marine  
  104  8:14  Marine  
  104  8:17  Liberator  
  108  8:25  Marine  
  108  8:26  Marine x2  
  111  8:27  Marine x2  
  111  8:29  Marine  
  111  8:30  Liberator  
  111  8:32  Marine  
  116  8:39  Siege Tank  
  119  8:43  Marine x3  
  120  8:57  Marine  
  120  8:58  Marine x3  
  120  9:00  Medivac  
  120  9:01  Marine x3  
  114  9:13  Medivac  
  114  9:15  Marine x4  
  110  9:18  Siege Tank  
  110  9:19  Marine x2  
  113  9:28  Marine  
  94  9:33  Marine  
  94  9:34  Marine  
  90  9:50  Marine x4  
  88  10:04  Siege Tank  
  88  10:06  Marine x3  
  86  10:08  Marine  
  86  10:13  Marine x3  
  90  10:19  Liberator  
  93  10:24  Marine x2  
  80  10:44  Marine x6  
  80  10:46  Siege Tank  
  80  10:47  Marine  
  90  11:02  Liberator, Marine x3  
  96  11:06  Liberator  
  88  11:28  Siege Tank  
  85  11:35  Marine x7  
  85  11:45  Liberator  
  88  11:53  Marine x7  
  95  12:00  Siege Tank  
  69  12:11  Marine x6  
  69  12:12  Marine  
  64  12:28  Marine  
  61  12:36  Marine